AoeStats
← 我不知道

Arabia

510499586Analyzed
1v1 RM · 12h ago on Oct 1, 2026· 34m 49s· 2 players
Game mode
Random Map
Map size
Tiny (2 player)
Population
200
Speed
Normal
Resources
Standard
Victory
Conquest
Starting age
Dark Age
Ending age
Imperial Age
RankedLock teamsTeams togetherTeam positionsShared explorationLock speedFull tech treeHidden civsTurbo modeCheats
Victory
Defeat
🇷🇺 Mongols · Russia
1029
+17
🇸🇰 Britons · Slovakia
1041
-17
我不知道
6:48 Loom
8:45 Feudal Age
9:46 Double-Bit Axe
21:23 Castle Age
21:28 Fletching
22:21 Bodkin Arrow
23:39 Padded Archer Armor
23:45 Elite Skirmisher
25:32 Wheelbarrow
26:08 Thumb Ring
28:48 Bow Saw
34:37 Imperial Age
33:11 Gold Mining
33:14 Stone Mining
35:11 Hand Cart
35:31 Ballistics
dominko
6:40 Loom
9:41 Feudal Age
10:39 Double-Bit Axe
27:09 Castle Age
27:13 Crossbowman
29:20 Scale Barding Armor
29:06 Fletching
32:05 Man-at-Arms
35:08 Bow Saw
34:39 Horse Collar
Connection lost

Rejoining the realm…

Still unreachable

The connection could not be restored.

Session expired

The server has moved on; the page needs a fresh start.